[ AOE2 MATCH · #507055694 ]
UnrankedCelts vs Persians
Player's team · LOSS
Rival team · WIN
[ REPLAY ANALYSIS · EXTRACTED FROM THE RECORDED GAME ]
Feudal
9:18
Castle
20:54
Imperial
—
| APM avg | 53.3 |
| APM peak | 97 |
| eAPM avg | 26.2 |
| Villagers / military | 78 / 117 |
Focus
⚔️ 42.1% · 🌾 57.9%
Spearman ×58 · Knight ×20 · Monk ×16 · Battering Ram ×8 · Skirmisher ×7 · Mangonel ×6
Feudal
10:03
Castle
22:47
Imperial
—
| APM avg | 69.5 |
| APM peak | 120 |
| eAPM avg | 49.2 |
| Villagers / military | 215 / 165 |
Focus
⚔️ 63.1% · 🌾 36.9%
Knight ×94 · Monk ×21 · Scout Cavalry ×14 · Archer ×11 · Mangonel ×8 · Camel Scout ×8
Match map
Initial resources + every placement click. Lines = walls · curves = elevation contours. ◆ gold · ⬟ stone · ● berries · ✦ relic · ◌ wall gap
Your base· Open — 4t gap
KIV.YourAddHere's base· Open — 5t gap
Smoothed initial terrain · ◌ = detected wall gap · hover for details
Inputs per minute
— *** - - KIV.YourAddHere
Build order — ***
First 150 of 297 actions detected
| 0:01 | Queue | Villager (Male) |
| 0:01 | Queue | Villager (Male) |
| 0:02 | Build | House |
| 0:03 | Build | House |
| 0:07 | Queue | Villager (Male) |
| 0:07 | Queue | Villager (Male) |
| 0:07 | Queue | Villager (Male) |
| 1:17 | Queue | Villager (Male) |
| 1:18 | Queue | Villager (Male) |
| 2:00 | Queue | Villager (Male) |
| 2:18 | Build | Lumber Camp |
| 2:24 | Queue | Villager (Male) |
| 2:32 | Queue | Villager (Male) |
| 2:56 | Queue | Villager (Male) |
| 3:15 | Queue | Villager (Male) |
| 3:28 | Queue | Villager (Male) |
| 3:29 | Queue | Villager (Male) |
| 3:50 | Build | House |
| 3:57 | Queue | Villager (Male) |
| 4:16 | Queue | Villager (Male) |
| 4:17 | Queue | Villager (Male) |
| 4:38 | Build | Barracks |
| 5:12 | Build | House |
| 5:21 | Queue | Villager (Male) |
| 5:21 | Queue | Villager (Male) |
| 5:26 | Research | Loom |
| 5:58 | Build | Palisade Wall |
| 5:59 | Build | Palisade Wall |
| 6:50 | Build | Palisade Wall |
| 6:51 | Build | Palisade Wall |
| 7:08 | Research | Feudal Age |
| 7:14 | Build | House |
| 7:22 | Build | Palisade Wall |
| 7:31 | Build | Palisade Wall |
| 7:48 | Build | House |
| 7:50 | Build | Palisade Wall |
| 7:52 | Build | Palisade Wall |
| 8:04 | Build | Palisade Gate |
| 8:43 | Build | Mill |
| 9:11 | Queue | Villager (Male) |
| 9:18 | Age | Feudal Age |
| 9:21 | Build | Stable |
| 9:38 | Build | Palisade Gate |
| 9:39 | Queue | Villager (Male) |
| 10:02 | Queue | Villager (Male) |
| 10:11 | Queue | Villager (Male) |
| 10:12 | Queue | Scout Cavalry |
| 10:31 | Queue | Villager (Male) |
| 10:33 | Queue | Scout Cavalry |
| 10:38 | Research | Horse Collar |
| 10:40 | Research | Double-Bit Axe |
| 10:40 | Research | Double-Bit Axe |
| 11:09 | Build | Farm |
| 11:18 | Queue | Villager (Male) |
| 11:20 | Build | Farm |
| 11:33 | Build | Palisade Wall |
| 11:34 | Build | Palisade Wall |
| 11:35 | Build | Palisade Wall |
| 11:36 | Queue | Villager (Male) |
| 11:39 | Build | Farm |
| 11:40 | Build | Farm |
| 12:07 | Build | Archery Range |
| 12:26 | Queue | Villager (Male) |
| 12:33 | Build | Blacksmith |
| 12:34 | Queue | Villager (Male) |
| 12:46 | Build | House |
| 12:48 | Queue | Skirmisher |
| 12:49 | Queue | Skirmisher |
| 12:55 | Queue | Villager (Male) |
| 12:59 | Build | Farm |
| 13:16 | Queue | Villager (Male) |
| 13:22 | Queue | Skirmisher |
| 13:26 | Build | Farm |
| 13:30 | Build | House |
| 13:33 | Build | Palisade Wall |
| 13:34 | Queue | Villager (Male) |
| 13:39 | Build | Farm |
| 14:01 | Queue | Villager (Male) |
| 14:04 | Build | Farm |
| 14:05 | Build | Farm |
| 14:06 | Build | Farm |
| 14:15 | Queue | Skirmisher |
| 14:28 | Build | Farm |
| 14:30 | Research | Fletching |
| 14:35 | Queue | Skirmisher |
| 14:36 | Queue | Skirmisher |
| 14:49 | Build | Farm |
| 14:51 | Queue | Skirmisher |
| 14:53 | Queue | Villager (Male) |
| 15:06 | Queue | Villager (Male) |
| 15:20 | Build | Farm |
| 15:20 | Queue | Villager (Male) |
| 15:39 | Queue | Villager (Male) |
| 15:48 | Build | Mining Camp |
| 15:49 | Queue | Villager (Male) |
| 16:01 | Queue | Villager (Male) |
| 16:06 | Build | Palisade Wall |
| 16:08 | Queue | Villager (Male) |
| 16:10 | Build | Farm |
| 16:17 | Queue | Villager (Male) |
| 16:19 | Build | Market |
| 16:35 | Build | Farm |
| 16:40 | Build | Palisade Wall |
| 16:45 | Build | House |
| 17:06 | Build | House |
| 17:44 | Build | House |
| 17:49 | Build | House |
| 18:09 | Build | Palisade Wall |
| 18:14 | Research | Castle Age |
| 18:23 | Build | House |
| 18:24 | Build | House |
| 18:41 | Build | Palisade Gate |
| 18:56 | Build | Palisade Wall |
| 19:02 | Build | House |
| 19:04 | Build | House |
| 19:38 | Build | Stable |
| 19:53 | Research | Gold Mining |
| 20:36 | Build | Palisade Wall |
| 20:51 | Research | Scale Barding Armor |
| 20:54 | Age | Castle Age |
| 20:56 | Queue | Knight |
| 21:00 | Build | Siege Workshop |
| 21:01 | Queue | Villager (Male) |
| 21:04 | Queue | Knight |
| 21:04 | Queue | Villager (Male) |
| 21:12 | Queue | Villager (Male) |
| 21:32 | Queue | Knight |
| 21:40 | Build | Siege Workshop |
| 21:42 | Queue | Villager (Male) |
| 21:45 | Queue | Knight |
| 21:54 | Queue | Knight |
| 22:17 | Queue | Knight |
| 22:28 | Queue | Mangonel |
| 22:30 | Build | Siege Workshop |
| 22:32 | Queue | Spearman |
| 22:32 | Queue | Spearman |
| 22:45 | Build | Monastery |
| 22:46 | Queue | Villager (Male) |
| 23:07 | Queue | Spearman |
| 23:11 | Queue | Battering Ram |
| 23:15 | Queue | Spearman |
| 23:35 | Queue | Spearman |
| 23:41 | Queue | Monk |
| 23:42 | Queue | Villager (Male) |
| 24:25 | Queue | Spearman |
| 24:25 | Queue | Spearman |
| 24:32 | Queue | Monk |
| 24:48 | Queue | Monk |
| 24:54 | Queue | Villager (Male) |
| 25:03 | Queue | Villager (Male) |
Build order — KIV.YourAddHere
First 150 of 433 actions detected
| 0:02 | Queue | Villager (Male) |
| 0:02 | Queue | Villager (Male) |
| 0:02 | Queue | Villager (Male) |
| 0:03 | Queue | Villager (Male) |
| 0:03 | Queue | Villager (Male) |
| 0:04 | Build | House |
| 0:05 | Build | House |
| 0:49 | Build | Barracks |
| 0:50 | Build | House |
| 1:40 | Queue | Villager (Male) |
| 1:59 | Queue | Militia |
| 1:59 | Queue | Militia |
| 2:08 | Queue | Villager (Male) |
| 2:09 | Queue | Villager (Male) |
| 2:32 | Queue | Militia |
| 2:49 | Queue | Villager (Male) |
| 2:49 | Queue | Villager (Male) |
| 2:49 | Queue | Villager (Male) |
| 2:59 | Queue | Militia |
| 3:16 | Queue | Villager (Male) |
| 3:16 | Queue | Villager (Male) |
| 3:16 | Research | Loom |
| 3:58 | Queue | Villager (Male) |
| 3:59 | Queue | Villager (Male) |
| 4:18 | Queue | Villager (Male) |
| 4:18 | Queue | Villager (Male) |
| 4:19 | Queue | Villager (Male) |
| 4:19 | Queue | Villager (Male) |
| 4:20 | Queue | Villager (Male) |
| 4:34 | Build | House |
| 4:48 | Queue | Villager (Male) |
| 4:48 | Queue | Villager (Male) |
| 4:48 | Queue | Villager (Male) |
| 5:05 | Queue | Villager (Male) |
| 5:43 | Queue | Villager (Male) |
| 5:49 | Queue | Militia |
| 6:05 | Queue | Villager (Male) |
| 6:17 | Build | Mill |
| 6:33 | Queue | Villager (Male) |
| 6:37 | Build | House |
| 7:01 | Queue | Villager (Male) |
| 7:57 | Queue | Villager (Male) |
| 8:00 | Research | Feudal Age |
| 8:00 | Research | Feudal Age |
| 8:00 | Research | Feudal Age |
| 8:21 | Build | Mining Camp |
| 8:33 | Queue | Villager (Male) |
| 8:57 | Queue | Militia |
| 9:24 | Build | Palisade Wall |
| 9:26 | Build | Palisade Wall |
| 9:26 | Build | Palisade Wall |
| 9:37 | Build | House |
| 9:40 | Build | Palisade Wall |
| 9:41 | Build | Palisade Wall |
| 10:03 | Age | Feudal Age |
| 10:06 | Research | Man-at-Arms (upgrade) |
| 10:08 | Queue | Villager (Male) |
| 10:18 | Queue | Villager (Male) |
| 10:20 | Build | Lumber Camp |
| 10:23 | Build | Farm |
| 10:26 | Build | Farm |
| 10:33 | Queue | Villager (Male) |
| 10:36 | Queue | Spearman |
| 10:47 | Build | Palisade Wall |
| 10:50 | Build | Palisade Wall |
| 10:54 | Build | House |
| 10:57 | Build | Palisade Wall |
| 10:59 | Build | Palisade Wall |
| 11:02 | Queue | Villager (Male) |
| 11:19 | Queue | Spearman |
| 11:36 | Build | House |
| 11:42 | Queue | Villager (Male) |
| 11:47 | Build | Farm |
| 12:09 | Queue | Villager (Male) |
| 12:11 | Build | Archery Range |
| 12:25 | Build | Farm |
| 12:34 | Queue | Villager (Male) |
| 12:39 | Build | Farm |
| 13:07 | Queue | Archer ×5 |
| 13:12 | Research | Double-Bit Axe |
| 13:13 | Build | Farm |
| 13:23 | Build | House |
| 13:26 | Queue | Villager (Male) |
| 13:28 | Build | Farm |
| 13:32 | Queue | Archer ×2 |
| 13:40 | Queue | Villager (Male) |
| 13:41 | Queue | Archer ×2 |
| 14:04 | Build | Farm |
| 14:08 | Queue | Villager (Male) |
| 14:15 | Build | Farm |
| 14:25 | Build | Palisade Wall |
| 14:26 | Build | Palisade Wall |
| 14:30 | Queue | Archer |
| 14:34 | Queue | Archer |
| 14:41 | Build | Blacksmith |
| 14:44 | Queue | Villager (Male) |
| 15:04 | Build | Palisade Wall |
| 15:04 | Build | Palisade Wall |
| 15:08 | Build | Palisade Wall |
| 15:09 | Queue | Villager (Male) |
| 15:11 | Build | Farm |
| 15:25 | Queue | Villager (Male) |
| 15:34 | Build | Farm |
| 15:36 | Research | Fletching |
| 15:49 | Queue | Villager (Male) |
| 15:53 | Queue | Skirmisher |
| 15:59 | Build | Lumber Camp |
| 16:00 | Build | House |
| 16:03 | Build | House |
| 16:04 | Build | Palisade Wall |
| 16:10 | Build | Farm |
| 16:17 | Queue | Villager (Male) |
| 16:25 | Build | House |
| 16:27 | Build | House |
| 16:31 | Build | House |
| 16:32 | Build | House |
| 16:41 | Queue | Villager (Male) |
| 16:44 | Build | Farm |
| 17:04 | Research | Wheelbarrow |
| 17:04 | Research | Town Watch |
| 17:27 | Build | House |
| 17:34 | Build | Palisade Wall |
| 17:49 | Build | Stable |
| 18:12 | Queue | Villager (Male) |
| 18:28 | Build | Farm |
| 18:29 | Queue | Villager (Male) |
| 18:30 | Queue | Scout Cavalry |
| 18:44 | Queue | Villager (Male) |
| 18:48 | Queue | Scout Cavalry |
| 18:50 | Queue | Villager (Male) |
| 18:54 | Build | Farm |
| 19:11 | Queue | Villager (Male) |
| 19:19 | Queue | Villager (Male) |
| 19:23 | Build | Market |
| 19:45 | Build | House |
| 19:59 | Build | Farm |
| 20:00 | Build | Farm |
| 20:22 | Research | Castle Age |
| 20:22 | Research | Castle Age |
| 20:28 | Build | House |
| 20:30 | Build | Palisade Wall |
| 20:37 | Queue | Villager (Male) |
| 21:25 | Queue | Villager (Male) |
| 21:26 | Build | Stable |
| 21:28 | Research | Bloodlines |
| 22:01 | Queue | Villager (Male) |
| 22:17 | Research | Horse Collar |
| 22:27 | Build | Farm |
| 22:29 | Research | Gold Mining |
| 22:47 | Age | Castle Age |
Match timeline
| 0:49 | KIV.YourAddHere · first_building Barracks |
| 4:38 | *** · first_building Barracks |
| 5:58 | *** · wall_segment Palisade Wall x1 |
| 5:59 | *** · wall_segment Palisade Wall x1 |
| 6:50 | *** · wall_segment Palisade Wall x1 |
| 6:51 | *** · wall_segment Palisade Wall x1 |
| 7:22 | *** · wall_segment Palisade Wall x1 |
| 7:31 | *** · wall_segment Palisade Wall x1 |
| 7:50 | *** · wall_segment Palisade Wall x1 |
| 7:52 | *** · wall_segment Palisade Wall x1 |
| 9:18 | *** · age_up feudal |
| 9:21 | *** · first_building Stable |
| 9:24 | KIV.YourAddHere · wall_segment Palisade Wall x1 |
| 9:26 | KIV.YourAddHere · wall_segment Palisade Wall x1 |
| 9:26 | KIV.YourAddHere · wall_segment Palisade Wall x1 |
| 9:40 | KIV.YourAddHere · wall_segment Palisade Wall x1 |
| 9:41 | KIV.YourAddHere · wall_segment Palisade Wall x1 |
| 10:03 | KIV.YourAddHere · age_up feudal |
| 10:47 | KIV.YourAddHere · wall_segment Palisade Wall x7 |
| 10:50 | KIV.YourAddHere · wall_segment Palisade Wall x6 |
| 10:57 | KIV.YourAddHere · wall_segment Palisade Wall x5 |
| 10:59 | KIV.YourAddHere · wall_segment Palisade Wall x1 |
| 11:33 | *** · wall_segment Palisade Wall x1 |
| 11:34 | *** · wall_segment Palisade Wall x1 |
| 11:35 | *** · wall_segment Palisade Wall x1 |
| 12:07 | *** · first_building Archery Range |
| 12:11 | KIV.YourAddHere · first_building Archery Range |
| 13:33 | *** · wall_segment Palisade Wall x9 |
| 14:25 | KIV.YourAddHere · wall_segment Palisade Wall x1 |
| 14:26 | KIV.YourAddHere · wall_segment Palisade Wall x1 |
| 15:04 | KIV.YourAddHere · wall_segment Palisade Wall x1 |
| 15:04 | KIV.YourAddHere · wall_segment Palisade Wall x1 |
| 15:08 | KIV.YourAddHere · wall_segment Palisade Wall x1 |
| 16:04 | KIV.YourAddHere · wall_segment Palisade Wall x7 |
| 16:06 | *** · wall_segment Palisade Wall x9 |
| 16:40 | *** · wall_segment Palisade Wall x2 |
| 17:15 | *** · first_market_sell 100 stone |
| 17:34 | KIV.YourAddHere · wall_segment Palisade Wall x1 |
| 17:49 | KIV.YourAddHere · first_building Stable |
| 18:09 | *** · wall_segment Palisade Wall x1 |
| 18:56 | *** · wall_segment Palisade Wall x1 |
| 20:15 | KIV.YourAddHere · first_market_buy 100 food |
| 20:30 | KIV.YourAddHere · wall_segment Palisade Wall x8 |
| 20:36 | *** · wall_segment Palisade Wall x1 |
| 20:54 | *** · age_up castle |
| 21:00 | *** · first_building Siege Workshop |
| 22:45 | *** · first_building Monastery |
| 22:47 | KIV.YourAddHere · age_up castle |
| 24:10 | KIV.YourAddHere · first_building Monastery |
| 25:00 | KIV.YourAddHere · first_market_sell 100 wood |
| 25:10 | *** · first_market_buy 100 stone |
| 31:12 | KIV.YourAddHere · first_building Castle |
| 32:45 | KIV.YourAddHere · first_building Siege Workshop |
| 34:59 | *** · wall_segment Palisade Wall x1 |
| 35:05 | *** · wall_segment Palisade Wall x1 |
| 38:11 | KIV.YourAddHere · wall_segment Stone Wall x1 |
| 42:51 | *** · wall_segment Palisade Wall x1 |
| 42:52 | *** · wall_segment Palisade Wall x1 |
| 44:58 | *** · resign |
[ AI ANALYSIS · 1 CREDIT ]
What really happened in this match?
Wolo.gg analyzes every decision: build order, eco, micro, common mistakes by bracket. Personalized analysis on WhatsApp or Discord in 30 seconds.
Civ guide
Celts
Perfil
Jugador #13688575